Connexion

WASHINGTON Capitals vs OTTAWA Senators

Created - 22 février 2024 at 05:58

Goals
1 2 3 T
WASHINGTON Capitals 2 3 3 8
OTTAWA Senators 1 0 0 1
Shots
1 2 3 T
WASHINGTON Capitals 12 8 12 32
OTTAWA Senators 5 10 8 23

GoalsPenalties
1st period
1. WASHINGTON Capitals , Andreas Johnsson 16 (Frederick Gaudreau 45) at 7:11
2. OTTAWA Senators , John Tavares 26 (Cale Makar 55, Alex Tuch 41) at 11:03
3. WASHINGTON Capitals , Andreas Johnsson 17 (Frederick Gaudreau 46, Jared McCann 44) at 12:07
Sean Walker (WAS) for Tripping (Minor) at 2:18
Charlie McAvoy (OTT) for Holding (Minor) at 13:30
2nd period
4. WASHINGTON Capitals , Aleksander Barkov 26 (Shea Theodore 55) at 4:36
5. WASHINGTON Capitals , Frederick Gaudreau 36 (Jared McCann 45, Nick Jensen 18) at 7:45
6. WASHINGTON Capitals , Jared McCann 20 (Andreas Johnsson 23, Frederick Gaudreau 47) at 8:38
Givani Smith (WAS) for Tripping (Minor) at 18:03
3rd period
7. WASHINGTON Capitals , Joel Kiviranta 6 (Alex Killorn 17, Slater Koekkoek 20) at 3:06
8. WASHINGTON Capitals , Denis Gurianov 18 (Shea Theodore 56, Dryden Hunt 8) at 14:43
9. WASHINGTON Capitals , Denis Gurianov 19 (Dryden Hunt 9, Slater Koekkoek 21) at 17:50
Nikita Kucherov (WAS) for Tripping (Minor) at 0:38
Martin Necas (OTT) for Hooking (Minor) at 6:18
Nick Jensen (WAS) for Tripping (Minor) at 12:04
Goalie Stats
Jordan Binnington (WAS), 22 saves from 23 shots - (0,957), W, 36-13-5, 60:00 minutes
Filip Gustavsson (OTT), 13 saves from 17 shots - (0,765), L, 6-11-0, 27:45 minutes
Connor Hellebuyck (OTT), 11 saves from 15 shots - (0,733), 32:15 minutes
3 StarsOfficial
1 - Frederick Gaudreau (WAS)
2 - Andreas Johnsson (WAS)
3 - Jared McCann (WAS)
Referees : Mike Hasenfratz and Greg Kimmerly
Linesman : Dan Schachte and Mark Shewchyk
Game Note
Connor Hellebuyck enters game at 7:45 of 2nd period
Barrett Hayton is injured at 2:46 of 3rd period (Strained Right Elbow)
Finance
Level 1 -- Attendance: 6000 (100,00%) -- Ticket Income $750,000
Level 2 -- Attendance: 5527 (89,83%) -- Ticket Income $359,255
Level 3 -- Attendance: 1894 (94,70%) -- Ticket Income $94,700
Level 4 -- Attendance: 3585 (89,63%) -- Ticket Income $143,400
Luxury Box -- Attendance: 1000 (100,00%) -- Ticket Income $240,000
Game was played at the Scotiabank Place.
Total Attendance: 18006 (94,01%)
Total Ticket Income: $1,587,355
Other Income: $317,471
Total Income: $1,904,826



Team Name Goals Shots Shots Attemp Shots Blocked PIM HIT PP PK FO%
WASHINGTON Capitals 8326098170 / 2 (0%)049%
OTTAWA Senators 1234864250 / 4 (0%)051%

WASHINGTON Capitals
Player Name POS G A P +/- PIM HIT SHT SB MP PP MP PP SHT PK MP PK SHT FO% FOT
Aleksander BarkovC1011014021:171:5511:11050% 34
Alex KillornC/LW/RW0111012011:120:0000:2500% 0
Andreas JohnssonLW/RW2134015114:500:0000:00033% 3
Brandon HagelLW0001010025:082:0304:54040% 5
Denis GurianovLW/RW202100406:212:0310:0000% 1
Dryden HuntC/LW022101006:450:0002:27075% 4
Frederick GaudreauC/RW1344024021:212:0314:28056% 32
Givani SmithRW000120104:170:0000:000100% 1
Haydn FleuryD0001010124:391:4304:3800% 0
Jared McCannC/LW1234014019:121:5512:270100% 2
Joel HanleyD0001020122:202:1503:4900% 0
Joel KivirantaLW1011012010:470:0000:0000% 0
Mikey EyssimontC/LW0001003010:470:0000:00031% 13
Nick JensenD0111230220:221:4302:2400% 0
Nikita KucherovRW0001212020:051:5520:0000% 2
Sean WalkerD0005210113:590:0000:2800% 0
Shea TheodoreD0221001225:042:1514:3100% 0
Slater KoekkoekD0225000113:340:0000:0200% 0
OTTAWA Senators
Player Name POS G A P +/- PIM HIT SHT SB MP PP MP PP SHT PK MP PK SHT FO% FOT
Adrian KempeC/LW/RW000-2003018:532:2800:4200% 0
Alex TuchC/RW0110033025:055:2801:5900% 1
Alexander EdlerD000-3011012:400:0000:3100% 0
Barrett HaytonC/LW000-300107:560:0000:0000% 0
Blake ComeauLW/RW000-202018:020:0001:1300% 2
Cale MakarD011-1042124:394:5821:4000% 0
Charlie McAvoyD000-1231224:074:5801:0900% 0
Evan BouchardD000-3010212:090:0000:0000% 0
Filip ChytilC000-4011011:120:0000:00029% 14
John TavaresC1010032025:055:2801:59061% 44
Josh NorrisC000-2010018:112:2800:00070% 20
Mark KastelicC000-101003:330:0000:00029% 7
Martin NecasC/RW000-2204018:562:2810:46020% 5
Owen TippettLW/RW000-101003:330:0000:0000% 0
Robert ThomasC/RW000-4002011:120:0000:00050% 2
Steven StamkosC/LW/RW0000012024:235:2801:1700% 2
Travis SanheimD000-3001023:122:5812:1800% 0
Zach WerenskiD000-3030023:122:5802:1800% 0



Play-by-Play

1st period


0:01 of 1st period - Aleksander Barkov wins face-off versus John Tavares in neutral zone.
0:15 of 1st period - Brandon Hagel is hit by Cale Makar and loses puck.
0:29 of 1st period - Shot by Brandon Hagel.
0:29 of 1st period - Shot Blocked by Charlie McAvoy.
0:34 of 1st period - Icing by Steven Stamkos.
0:35 of 1st period - Frederick Gaudreau wins face-off versus John Tavares in OTTAWA Senators zone.
1:02 of 1st period - Andreas Johnsson is hit by Alex Tuch and loses puck.
2:04 of 1st period - Alex Killorn is hit by Josh Norris and loses puck.
2:15 of 1st period - Shot by Filip Chytil.
2:15 of 1st period - Deflect By Robert Thomas.
2:15 of 1st period - Stopped by Jordan Binnington with a rebound.
2:17 of 1st period - Shot by Robert Thomas.
2:17 of 1st period - Shot Blocked by Slater Koekkoek.
2:18 of 1st period - Minor Penalty to Sean Walker for Tripping.
2:19 of 1st period - Frederick Gaudreau wins face-off versus Alex Tuch in WASHINGTON Capitals zone.
2:48 of 1st period - Shot by Cale Makar.
2:48 of 1st period - Shot Misses the Net.
3:18 of 1st period - Shot by Travis Sanheim.
3:18 of 1st period - Stopped by Jordan Binnington without a rebound.
3:19 of 1st period - John Tavares wins face-off versus Frederick Gaudreau in WASHINGTON Capitals zone.
4:26 of 1st period - Shot by Slater Koekkoek.
4:26 of 1st period - Shot Blocked by Evan Bouchard.
4:52 of 1st period - Shot by Alex Killorn.
4:52 of 1st period - Shot Misses the Net.
4:58 of 1st period - Shot by Joel Kiviranta.
4:58 of 1st period - Shot Blocked by Evan Bouchard.
5:42 of 1st period - Icing by Nick Jensen.
5:43 of 1st period - Josh Norris wins face-off versus Dryden Hunt in WASHINGTON Capitals zone.
6:01 of 1st period - Icing by Josh Norris.
6:02 of 1st period - Josh Norris wins face-off versus Aleksander Barkov in OTTAWA Senators zone.
6:02 of 1st period - Josh Norris is hit by Nikita Kucherov.
6:53 of 1st period - Icing by Haydn Fleury.
6:54 of 1st period - Aleksander Barkov wins face-off versus Steven Stamkos in WASHINGTON Capitals zone.
7:11 of 1st period - Shot by Andreas Johnsson.
7:11 of 1st period - Goal by Andreas Johnsson - WASHINGTON Capitals : 1 - OTTAWA Senators : 0.
7:12 of 1st period - Frederick Gaudreau wins face-off versus Mark Kastelic in neutral zone.
7:15 of 1st period - Owen Tippett is hit by Jared McCann and loses puck.
7:24 of 1st period - Shot by Andreas Johnsson.
7:24 of 1st period - Deflect By Jared McCann.
7:24 of 1st period - Shot Blocked by Blake Comeau.
7:26 of 1st period - Shot by Andreas Johnsson.
7:26 of 1st period - Stopped by Filip Gustavsson without a rebound.
7:27 of 1st period - Mikey Eyssimont wins face-off versus John Tavares in OTTAWA Senators zone.
7:36 of 1st period - Shot by Alex Killorn.
7:36 of 1st period - Deflect By Mikey Eyssimont.
7:36 of 1st period - Stopped by Filip Gustavsson without a rebound.
7:37 of 1st period - John Tavares wins face-off versus Frederick Gaudreau in OTTAWA Senators zone.
7:46 of 1st period - Joel Hanley is hit by Steven Stamkos and loses puck.
8:07 of 1st period - Shot by Frederick Gaudreau.
8:07 of 1st period - Shot Misses the Net.
9:31 of 1st period - Shot by Aleksander Barkov.
9:31 of 1st period - Stopped by Filip Gustavsson without a rebound.
9:32 of 1st period - Mikey Eyssimont wins face-off versus Josh Norris in OTTAWA Senators zone.
10:41 of 1st period - Shot by Alex Tuch.
10:41 of 1st period - Shot Hit the Post.
11:03 of 1st period - Shot by John Tavares.
11:03 of 1st period - Goal by John Tavares - WASHINGTON Capitals : 1 - OTTAWA Senators : 1.
11:04 of 1st period - Aleksander Barkov wins face-off versus Filip Chytil in neutral zone.
11:48 of 1st period - Barrett Hayton is hit by Brandon Hagel and loses puck.
12:07 of 1st period - Shot by Andreas Johnsson.
12:07 of 1st period - Goal by Andreas Johnsson - WASHINGTON Capitals : 2 - OTTAWA Senators : 1.
12:08 of 1st period - John Tavares wins face-off versus Mikey Eyssimont in neutral zone.
12:08 of 1st period - John Tavares is hit by Joel Kiviranta.
12:16 of 1st period - Shot by Alex Tuch.
12:16 of 1st period - Stopped by Jordan Binnington without a rebound.
12:17 of 1st period - John Tavares wins face-off versus Frederick Gaudreau in WASHINGTON Capitals zone.
12:33 of 1st period - Andreas Johnsson is hit by Cale Makar and loses puck.
12:43 of 1st period - Jared McCann is hit by Charlie McAvoy and loses puck.
12:47 of 1st period - Frederick Gaudreau is hit by Charlie McAvoy.
13:19 of 1st period - Shot by Aleksander Barkov.
13:19 of 1st period - Shot Misses the Net.
13:26 of 1st period - Nikita Kucherov is hit by Cale Makar and loses puck.
13:30 of 1st period - Minor Penalty to Charlie McAvoy for Holding.
13:31 of 1st period - Brandon Hagel wins face-off versus Blake Comeau in OTTAWA Senators zone.
13:31 of 1st period - Joel Hanley is hit by Zach Werenski and loses puck.
14:24 of 1st period - Shot by Jared McCann.
14:24 of 1st period - Stopped by Filip Gustavsson without a rebound.
14:25 of 1st period - Jared McCann wins face-off versus Martin Necas in OTTAWA Senators zone.
14:34 of 1st period - Shot by Nikita Kucherov.
14:34 of 1st period - Stopped by Filip Gustavsson without a rebound.
14:35 of 1st period - John Tavares wins face-off versus Aleksander Barkov in OTTAWA Senators zone.
14:44 of 1st period - Shot by Jared McCann.
14:44 of 1st period - Deflect By Nikita Kucherov.
14:44 of 1st period - Shot Blocked by Cale Makar.
14:46 of 1st period - Shot by Jared McCann.
14:46 of 1st period - Shot Misses the Net.
14:50 of 1st period - Shot by Nikita Kucherov.
14:50 of 1st period - Stopped by Filip Gustavsson without a rebound.
14:51 of 1st period - Frederick Gaudreau wins face-off versus Martin Necas in OTTAWA Senators zone.
15:22 of 1st period - Shot by Denis Gurianov.
15:22 of 1st period - Shot Misses the Net.
15:24 of 1st period - Shot by Frederick Gaudreau.
15:24 of 1st period - Shot Misses the Net.
15:26 of 1st period - Shot by Denis Gurianov.
15:26 of 1st period - Stopped by Filip Gustavsson without a rebound.
15:27 of 1st period - John Tavares wins face-off versus Aleksander Barkov in OTTAWA Senators zone.
15:46 of 1st period - Shot by Mikey Eyssimont.
15:46 of 1st period - Shot Misses the Net.
15:48 of 1st period - Shot by Slater Koekkoek.
15:48 of 1st period - Shot Misses the Net.
15:50 of 1st period - Shot by Mikey Eyssimont.
15:50 of 1st period - Stopped by Filip Gustavsson without a rebound.
15:51 of 1st period - Aleksander Barkov wins face-off versus Filip Chytil in OTTAWA Senators zone.
15:52 of 1st period - Shot by Nikita Kucherov.
15:52 of 1st period - Shot Misses the Net.
15:59 of 1st period - Off-side.
16:00 of 1st period - Mikey Eyssimont wins face-off versus Josh Norris in neutral zone.
16:13 of 1st period - Shot by Adrian Kempe.
16:13 of 1st period - Shot Blocked by Nick Jensen.
16:17 of 1st period - Shot by Josh Norris.
16:17 of 1st period - Shot Misses the Net.
16:19 of 1st period - Shot by Martin Necas.
16:19 of 1st period - Shot Misses the Net.
16:21 of 1st period - Shot by Adrian Kempe.
16:21 of 1st period - Shot Blocked by Nick Jensen.
16:23 of 1st period - Shot by Charlie McAvoy.
16:23 of 1st period - Shot Misses the Net.
16:25 of 1st period - Shot by Martin Necas.
16:25 of 1st period - Stopped by Jordan Binnington without a rebound.
16:26 of 1st period - John Tavares wins face-off versus Aleksander Barkov in WASHINGTON Capitals zone.
16:30 of 1st period - Icing by Shea Theodore.
16:31 of 1st period - Aleksander Barkov wins face-off versus John Tavares in WASHINGTON Capitals zone.
17:46 of 1st period - Shot by Andreas Johnsson.
17:46 of 1st period - Stopped by Filip Gustavsson without a rebound.
17:47 of 1st period - Mikey Eyssimont wins face-off versus Filip Chytil in OTTAWA Senators zone.
17:57 of 1st period - Alex Killorn is hit by Evan Bouchard and loses puck.
18:05 of 1st period - Shot by Joel Kiviranta.
18:05 of 1st period - Stopped by Filip Gustavsson with a rebound.
18:07 of 1st period - Shot by Mikey Eyssimont.
18:07 of 1st period - Shot Misses the Net.
18:19 of 1st period - Shot by Robert Thomas.
18:19 of 1st period - Shot Misses the Net.
19:34 of 1st period - Icing by Frederick Gaudreau.
19:35 of 1st period - John Tavares wins face-off versus Andreas Johnsson in WASHINGTON Capitals zone.
19:39 of 1st period - Alex Tuch is hit by Joel Hanley.
19:42 of 1st period - Icing by Nick Jensen.
19:43 of 1st period - John Tavares wins face-off versus Frederick Gaudreau in WASHINGTON Capitals zone.
19:56 of 1st period - Icing by John Tavares.
19:57 of 1st period - John Tavares wins face-off versus Nikita Kucherov in OTTAWA Senators zone.
Goals for this period are 2 for WASHINGTON Capitals vs 1 for OTTAWA Senators.
Shots for this period are 12 for WASHINGTON Capitals vs 5 for OTTAWA Senators.

2nd period


0:01 of 2nd period - John Tavares wins face-off versus Aleksander Barkov in neutral zone.
0:37 of 2nd period - Shot by John Tavares.
0:37 of 2nd period - Stopped by Jordan Binnington without a rebound.
0:38 of 2nd period - Josh Norris wins face-off versus Frederick Gaudreau in WASHINGTON Capitals zone.
1:04 of 2nd period - Icing by Nick Jensen.
1:05 of 2nd period - Robert Thomas wins face-off versus Andreas Johnsson in WASHINGTON Capitals zone.
1:06 of 2nd period - Shot by Filip Chytil.
1:06 of 2nd period - Stopped by Jordan Binnington without a rebound.
1:07 of 2nd period - Aleksander Barkov wins face-off versus John Tavares in WASHINGTON Capitals zone.
1:29 of 2nd period - Off-side.
1:30 of 2nd period - Josh Norris wins face-off versus Frederick Gaudreau in neutral zone.
1:39 of 2nd period - Shot by Josh Norris.
1:39 of 2nd period - Shot Blocked by Joel Hanley.
1:41 of 2nd period - Shot by Adrian Kempe.
1:41 of 2nd period - Stopped by Jordan Binnington without a rebound.
1:42 of 2nd period - Aleksander Barkov wins face-off versus John Tavares in WASHINGTON Capitals zone.
1:50 of 2nd period - Off-side.
1:51 of 2nd period - John Tavares wins face-off versus Aleksander Barkov in neutral zone.
2:51 of 2nd period - Shot by Jared McCann.
2:51 of 2nd period - Stopped by Filip Gustavsson with a rebound.
3:15 of 2nd period - Shot by Andreas Johnsson.
3:15 of 2nd period - Stopped by Filip Gustavsson with a rebound.
3:17 of 2nd period - Shot by Jared McCann.
3:17 of 2nd period - Deflect By Frederick Gaudreau.
3:17 of 2nd period - Stopped by Filip Gustavsson without a rebound.
3:18 of 2nd period - Josh Norris wins face-off versus Denis Gurianov in OTTAWA Senators zone.
3:27 of 2nd period - Shot by Martin Necas.
3:27 of 2nd period - Shot Misses the Net.
3:39 of 2nd period - Shot by Josh Norris.
3:39 of 2nd period - Deflect By Adrian Kempe.
3:39 of 2nd period - Shot Blocked by Sean Walker.
3:57 of 2nd period - Shot by Denis Gurianov.
3:57 of 2nd period - Shot Misses the Net.
4:08 of 2nd period - Icing by Adrian Kempe.
4:09 of 2nd period - Josh Norris wins face-off versus Aleksander Barkov in OTTAWA Senators zone.
4:36 of 2nd period - Shot by Aleksander Barkov.
4:36 of 2nd period - Goal by Aleksander Barkov - WASHINGTON Capitals : 3 - OTTAWA Senators : 1.
4:37 of 2nd period - Mark Kastelic wins face-off versus Mikey Eyssimont in neutral zone.
5:59 of 2nd period - Shot by Robert Thomas.
5:59 of 2nd period - Shot Misses the Net.
6:06 of 2nd period - Off-side.
6:07 of 2nd period - John Tavares wins face-off versus Frederick Gaudreau in neutral zone.
6:09 of 2nd period - Off-side.
6:10 of 2nd period - Josh Norris wins face-off versus Frederick Gaudreau in neutral zone.
6:21 of 2nd period - Shot by Adrian Kempe.
6:21 of 2nd period - Deflect By Josh Norris.
6:21 of 2nd period - Shot Misses the Net.
6:23 of 2nd period - Shot by Zach Werenski.
6:23 of 2nd period - Shot Misses the Net.
6:25 of 2nd period - Shot by Adrian Kempe.
6:25 of 2nd period - Stopped by Jordan Binnington without a rebound.
6:26 of 2nd period - Aleksander Barkov wins face-off versus John Tavares in WASHINGTON Capitals zone.
6:26 of 2nd period - Nikita Kucherov is hit by John Tavares and loses puck.
7:07 of 2nd period - Shot by Steven Stamkos.
7:07 of 2nd period - Stopped by Jordan Binnington without a rebound.
7:08 of 2nd period - Frederick Gaudreau wins face-off versus Martin Necas in WASHINGTON Capitals zone.
7:43 of 2nd period - Shot by Frederick Gaudreau.
7:43 of 2nd period - Shot Misses the Net.
7:45 of 2nd period - Shot by Frederick Gaudreau.
7:45 of 2nd period - Goal by Frederick Gaudreau - WASHINGTON Capitals : 4 - OTTAWA Senators : 1.
7:45 of 2nd period - Connor Hellebuyck enters game.
7:46 of 2nd period - Filip Chytil wins face-off versus Mikey Eyssimont in neutral zone.
7:49 of 2nd period - Mikey Eyssimont is hit by Filip Chytil and loses puck.
7:56 of 2nd period - Shot by Barrett Hayton.
7:56 of 2nd period - Stopped by Jordan Binnington without a rebound.
7:57 of 2nd period - John Tavares wins face-off versus Aleksander Barkov in WASHINGTON Capitals zone.
8:15 of 2nd period - Shot by Alex Tuch.
8:15 of 2nd period - Shot Misses the Net.
8:17 of 2nd period - Shot by Alexander Edler.
8:17 of 2nd period - Stopped by Jordan Binnington without a rebound.
8:18 of 2nd period - Frederick Gaudreau wins face-off versus Filip Chytil in WASHINGTON Capitals zone.
8:20 of 2nd period - Icing by Andreas Johnsson.
8:21 of 2nd period - Frederick Gaudreau wins face-off versus Robert Thomas in WASHINGTON Capitals zone.
8:32 of 2nd period - Shot by Jared McCann.
8:32 of 2nd period - Deflect By Frederick Gaudreau.
8:32 of 2nd period - Stopped by Connor Hellebuyck with a rebound.
8:34 of 2nd period - Shot by Andreas Johnsson.
8:34 of 2nd period - Shot Misses the Net.
8:36 of 2nd period - Shot by Andreas Johnsson.
8:36 of 2nd period - Shot Blocked by Charlie McAvoy.
8:38 of 2nd period - Shot by Jared McCann.
8:38 of 2nd period - Goal by Jared McCann - WASHINGTON Capitals : 5 - OTTAWA Senators : 1.
8:39 of 2nd period - John Tavares wins face-off versus Aleksander Barkov in neutral zone.
9:13 of 2nd period - Icing by Brandon Hagel.
9:14 of 2nd period - Josh Norris wins face-off versus Brandon Hagel in WASHINGTON Capitals zone.
9:43 of 2nd period - Shot by Adrian Kempe.
9:43 of 2nd period - Deflect By Martin Necas.
9:43 of 2nd period - Shot Blocked by Shea Theodore.
9:45 of 2nd period - Shot by Martin Necas.
9:45 of 2nd period - Shot Misses the Net.
9:47 of 2nd period - Shot by Martin Necas.
9:47 of 2nd period - Stopped by Jordan Binnington without a rebound.
9:48 of 2nd period - Frederick Gaudreau wins face-off versus Filip Chytil in WASHINGTON Capitals zone.
10:22 of 2nd period - Icing by Zach Werenski.
10:23 of 2nd period - Filip Chytil wins face-off versus Mikey Eyssimont in OTTAWA Senators zone.
11:26 of 2nd period - Icing by Sean Walker.
11:27 of 2nd period - John Tavares wins face-off versus Mikey Eyssimont in WASHINGTON Capitals zone.
12:19 of 2nd period - Icing by Charlie McAvoy.
12:20 of 2nd period - Frederick Gaudreau wins face-off versus John Tavares in OTTAWA Senators zone.
12:53 of 2nd period - Andreas Johnsson is hit by Alexander Edler and loses puck.
12:57 of 2nd period - Icing by Alexander Edler.
12:58 of 2nd period - Josh Norris wins face-off versus Aleksander Barkov in OTTAWA Senators zone.
13:14 of 2nd period - Icing by Josh Norris.
13:15 of 2nd period - Dryden Hunt wins face-off versus Josh Norris in OTTAWA Senators zone.
13:38 of 2nd period - Icing by Sean Walker.
13:39 of 2nd period - Givani Smith wins face-off versus Mark Kastelic in WASHINGTON Capitals zone.
13:39 of 2nd period - Givani Smith is hit by Owen Tippett.
13:47 of 2nd period - Shot by Slater Koekkoek.
13:47 of 2nd period - Deflect By Denis Gurianov.
13:47 of 2nd period - Stopped by Connor Hellebuyck without a rebound.
13:48 of 2nd period - Aleksander Barkov wins face-off versus Filip Chytil in OTTAWA Senators zone.
13:55 of 2nd period - Shot by Aleksander Barkov.
13:55 of 2nd period - Shot Misses the Net.
14:05 of 2nd period - Shot by Filip Chytil.
14:05 of 2nd period - Shot Blocked by Shea Theodore.
14:07 of 2nd period - Shot by Robert Thomas.
14:07 of 2nd period - Shot Misses the Net.
14:09 of 2nd period - Shot by Filip Chytil.
14:09 of 2nd period - Shot Misses the Net.
14:11 of 2nd period - Shot by Charlie McAvoy.
14:11 of 2nd period - Stopped by Jordan Binnington without a rebound.
14:12 of 2nd period - Josh Norris wins face-off versus Frederick Gaudreau in WASHINGTON Capitals zone.
14:18 of 2nd period - Adrian Kempe is hit by Nick Jensen and loses puck.
14:39 of 2nd period - Josh Norris is hit by Frederick Gaudreau and loses puck.
14:58 of 2nd period - Shot by Martin Necas.
14:58 of 2nd period - Shot Blocked by Andreas Johnsson.
15:43 of 2nd period - Icing by Cale Makar.
15:44 of 2nd period - John Tavares wins face-off versus Aleksander Barkov in OTTAWA Senators zone.
15:49 of 2nd period - Shea Theodore is hit by John Tavares and loses puck.
15:58 of 2nd period - Shot by Alex Tuch.
15:58 of 2nd period - Stopped by Jordan Binnington with a rebound.
16:07 of 2nd period - Icing by Haydn Fleury.
16:08 of 2nd period - Aleksander Barkov wins face-off versus Mark Kastelic in WASHINGTON Capitals zone.
16:24 of 2nd period - Icing by Haydn Fleury.
16:25 of 2nd period - Aleksander Barkov wins face-off versus Martin Necas in WASHINGTON Capitals zone.
17:50 of 2nd period - Alex Tuch is hit by Nick Jensen and loses puck.
18:03 of 2nd period - Minor Penalty to Givani Smith for Tripping.
18:04 of 2nd period - Frederick Gaudreau wins face-off versus Josh Norris in WASHINGTON Capitals zone.
18:47 of 2nd period - Icing by John Tavares.
18:48 of 2nd period - Frederick Gaudreau wins face-off versus Steven Stamkos in OTTAWA Senators zone.
19:38 of 2nd period - Haydn Fleury is hit by Alex Tuch and loses puck.
19:58 of 2nd period - Icing by Martin Necas.
19:59 of 2nd period - Josh Norris wins face-off versus Frederick Gaudreau in OTTAWA Senators zone.
Goals for this period are 3 for WASHINGTON Capitals vs 0 for OTTAWA Senators.
Shots for this period are 8 for WASHINGTON Capitals vs 10 for OTTAWA Senators.

3rd period


0:01 of 3rd period - Frederick Gaudreau wins face-off versus John Tavares in neutral zone.
0:01 of 3rd period - Frederick Gaudreau is hit by Alex Tuch.
0:27 of 3rd period - Shot by Barrett Hayton.
0:27 of 3rd period - Deflect By Robert Thomas.
0:27 of 3rd period - Stopped by Jordan Binnington without a rebound.
0:28 of 3rd period - John Tavares wins face-off versus Aleksander Barkov in WASHINGTON Capitals zone.
0:31 of 3rd period - Shot by Alex Tuch.
0:31 of 3rd period - Stopped by Jordan Binnington without a rebound.
0:32 of 3rd period - John Tavares wins face-off versus Aleksander Barkov in WASHINGTON Capitals zone.
0:38 of 3rd period - Minor Penalty to Nikita Kucherov for Tripping.
0:39 of 3rd period - Frederick Gaudreau wins face-off versus John Tavares in WASHINGTON Capitals zone.
0:45 of 3rd period - Icing by Cale Makar.
0:46 of 3rd period - John Tavares wins face-off versus Brandon Hagel in OTTAWA Senators zone.
2:45 of 3rd period - Barrett Hayton is hit by Sean Walker and loses puck.
2:46 of 3rd period - Barrett Hayton from OTTAWA Senators is injured at 2:46 of 3rd period (Strained Right Elbow).
2:47 of 3rd period - Mark Kastelic wins face-off versus Mikey Eyssimont in WASHINGTON Capitals zone.
3:06 of 3rd period - Shot by Joel Kiviranta.
3:06 of 3rd period - Goal by Joel Kiviranta - WASHINGTON Capitals : 6 - OTTAWA Senators : 1.
3:07 of 3rd period - Dryden Hunt wins face-off versus Filip Chytil in neutral zone.
3:10 of 3rd period - Shot by Denis Gurianov.
3:10 of 3rd period - Shot Misses the Net.
3:12 of 3rd period - Shot by Joel Hanley.
3:12 of 3rd period - Shot Misses the Net.
3:14 of 3rd period - Shot by Givani Smith.
3:14 of 3rd period - Stopped by Connor Hellebuyck without a rebound.
3:15 of 3rd period - John Tavares wins face-off versus Aleksander Barkov in OTTAWA Senators zone.
3:36 of 3rd period - John Tavares is hit by Aleksander Barkov and loses puck.
4:42 of 3rd period - Frederick Gaudreau is hit by Cale Makar and loses puck.
5:13 of 3rd period - Slater Koekkoek is hit by Blake Comeau and loses puck.
5:34 of 3rd period - Shot by Alex Killorn.
5:34 of 3rd period - Stopped by Connor Hellebuyck without a rebound.
5:35 of 3rd period - Aleksander Barkov wins face-off versus Mark Kastelic in OTTAWA Senators zone.
5:44 of 3rd period - Shot by Aleksander Barkov.
5:44 of 3rd period - Stopped by Connor Hellebuyck without a rebound.
5:45 of 3rd period - John Tavares wins face-off versus Aleksander Barkov in OTTAWA Senators zone.
6:11 of 3rd period - Icing by Shea Theodore.
6:12 of 3rd period - Josh Norris wins face-off versus Aleksander Barkov in WASHINGTON Capitals zone.
6:18 of 3rd period - Minor Penalty to Martin Necas for Hooking.
6:19 of 3rd period - Brandon Hagel wins face-off versus John Tavares in OTTAWA Senators zone.
6:47 of 3rd period - Shot by Joel Hanley.
6:47 of 3rd period - Shot Hit the Post.
6:49 of 3rd period - Shot by Frederick Gaudreau.
6:49 of 3rd period - Stopped by Connor Hellebuyck without a rebound.
6:50 of 3rd period - Aleksander Barkov wins face-off versus John Tavares in OTTAWA Senators zone.
6:56 of 3rd period - Shot by Nikita Kucherov.
6:56 of 3rd period - Shot Misses the Net.
7:28 of 3rd period - Shot by Aleksander Barkov.
7:28 of 3rd period - Stopped by Connor Hellebuyck without a rebound.
7:29 of 3rd period - Frederick Gaudreau wins face-off versus Blake Comeau in OTTAWA Senators zone.
7:42 of 3rd period - Shot by Frederick Gaudreau.
7:42 of 3rd period - Shot Misses the Net.
7:44 of 3rd period - Shot by Joel Hanley.
7:44 of 3rd period - Shot Misses the Net.
7:46 of 3rd period - Shot by Shea Theodore.
7:46 of 3rd period - Shot Misses the Net.
7:48 of 3rd period - Shot by Shea Theodore.
7:48 of 3rd period - Stopped by Connor Hellebuyck without a rebound.
7:49 of 3rd period - Aleksander Barkov wins face-off versus John Tavares in OTTAWA Senators zone.
8:25 of 3rd period - Shot by Martin Necas.
8:25 of 3rd period - Stopped by Jordan Binnington without a rebound.
8:26 of 3rd period - Josh Norris wins face-off versus Mikey Eyssimont in WASHINGTON Capitals zone.
9:00 of 3rd period - Icing by Slater Koekkoek.
9:01 of 3rd period - Filip Chytil wins face-off versus Mikey Eyssimont in WASHINGTON Capitals zone.
9:54 of 3rd period - Icing by Charlie McAvoy.
9:55 of 3rd period - Frederick Gaudreau wins face-off versus Filip Chytil in OTTAWA Senators zone.
10:08 of 3rd period - Icing by Nick Jensen.
10:09 of 3rd period - Andreas Johnsson wins face-off versus John Tavares in WASHINGTON Capitals zone.
10:30 of 3rd period - Icing by Zach Werenski.
10:31 of 3rd period - John Tavares wins face-off versus Nikita Kucherov in OTTAWA Senators zone.
10:44 of 3rd period - Shot by Zach Werenski.
10:44 of 3rd period - Shot Misses the Net.
10:46 of 3rd period - Shot by Travis Sanheim.
10:46 of 3rd period - Shot Blocked by Haydn Fleury.
11:11 of 3rd period - Icing by Haydn Fleury.
11:12 of 3rd period - Aleksander Barkov wins face-off versus Josh Norris in WASHINGTON Capitals zone.
11:20 of 3rd period - Nikita Kucherov is hit by Charlie McAvoy and loses puck.
11:43 of 3rd period - Shot by Adrian Kempe.
11:43 of 3rd period - Shot Misses the Net.
11:45 of 3rd period - Shot by Adrian Kempe.
11:45 of 3rd period - Stopped by Jordan Binnington without a rebound.
11:46 of 3rd period - Frederick Gaudreau wins face-off versus Mark Kastelic in WASHINGTON Capitals zone.
11:46 of 3rd period - Frederick Gaudreau is hit by Mark Kastelic.
12:02 of 3rd period - Andreas Johnsson is hit by Blake Comeau and loses puck.
12:04 of 3rd period - Minor Penalty to Nick Jensen for Tripping.
12:05 of 3rd period - John Tavares wins face-off versus Brandon Hagel in WASHINGTON Capitals zone.
12:10 of 3rd period - Shot by Cale Makar.
12:10 of 3rd period - Stopped by Jordan Binnington without a rebound.
12:11 of 3rd period - John Tavares wins face-off versus Frederick Gaudreau in WASHINGTON Capitals zone.
12:33 of 3rd period - Icing by Charlie McAvoy.
12:34 of 3rd period - Frederick Gaudreau wins face-off versus John Tavares in OTTAWA Senators zone.
12:45 of 3rd period - Shot by Cale Makar.
12:45 of 3rd period - Stopped by Jordan Binnington without a rebound.
12:46 of 3rd period - Martin Necas wins face-off versus Frederick Gaudreau in WASHINGTON Capitals zone.
13:01 of 3rd period - Shot by Martin Necas.
13:01 of 3rd period - Stopped by Jordan Binnington without a rebound.
13:02 of 3rd period - Jared McCann wins face-off versus John Tavares in WASHINGTON Capitals zone.
13:35 of 3rd period - Cale Makar is hit by Dryden Hunt and loses puck.
13:56 of 3rd period - Haydn Fleury is hit by John Tavares and loses puck.
14:37 of 3rd period - Shot by Alex Killorn.
14:37 of 3rd period - Stopped by Connor Hellebuyck with a rebound.
14:39 of 3rd period - Shot by Alex Killorn.
14:39 of 3rd period - Deflect By Mikey Eyssimont.
14:39 of 3rd period - Stopped by Connor Hellebuyck without a rebound.
14:40 of 3rd period - Dryden Hunt wins face-off versus Filip Chytil in OTTAWA Senators zone.
14:43 of 3rd period - Shot by Denis Gurianov.
14:43 of 3rd period - Goal by Denis Gurianov - WASHINGTON Capitals : 7 - OTTAWA Senators : 1.
14:44 of 3rd period - Filip Chytil wins face-off versus Frederick Gaudreau in neutral zone.
14:46 of 3rd period - Evan Bouchard is hit by Nick Jensen and loses puck.
14:59 of 3rd period - Alexander Edler is hit by Frederick Gaudreau and loses puck.
15:09 of 3rd period - Off-side.
15:10 of 3rd period - John Tavares wins face-off versus Aleksander Barkov in neutral zone.
15:28 of 3rd period - Off-side.
15:29 of 3rd period - Josh Norris wins face-off versus Frederick Gaudreau in neutral zone.
15:29 of 3rd period - Josh Norris is hit by Andreas Johnsson.
15:41 of 3rd period - Icing by Andreas Johnsson.
15:42 of 3rd period - Frederick Gaudreau wins face-off versus John Tavares in WASHINGTON Capitals zone.
16:01 of 3rd period - Shot by Jared McCann.
16:01 of 3rd period - Stopped by Connor Hellebuyck without a rebound.
16:02 of 3rd period - Aleksander Barkov wins face-off versus Josh Norris in OTTAWA Senators zone.
16:44 of 3rd period - Nikita Kucherov is hit by Zach Werenski and loses puck.
17:23 of 3rd period - Jared McCann is hit by Zach Werenski and loses puck.
17:50 of 3rd period - Shot by Denis Gurianov.
17:50 of 3rd period - Goal by Denis Gurianov - WASHINGTON Capitals : 8 - OTTAWA Senators : 1.
17:51 of 3rd period - John Tavares wins face-off versus Mikey Eyssimont in neutral zone.
17:51 of 3rd period - Alex Tuch is hit by Alex Killorn and loses puck.
18:28 of 3rd period - Shot by Steven Stamkos.
18:28 of 3rd period - Stopped by Jordan Binnington without a rebound.
18:29 of 3rd period - Aleksander Barkov wins face-off versus Filip Chytil in WASHINGTON Capitals zone.
18:50 of 3rd period - Filip Chytil is hit by Haydn Fleury.
19:39 of 3rd period - Charlie McAvoy is hit by Joel Hanley and loses puck.
19:52 of 3rd period - Shot by Frederick Gaudreau.
19:52 of 3rd period - Shot Misses the Net.
Goals for this period are 3 for WASHINGTON Capitals vs 0 for OTTAWA Senators.
Shots for this period are 12 for WASHINGTON Capitals vs 8 for OTTAWA Senators.